MLB
COLORADO ROCKIES @ WASHINGTON NATIONALS
06/19/2025
 
TOP OF THE 1ST
Colorado Rockies batting - Pitching for Washington Nationals : RHP Ty Buttrey
Pitching: RHP Ty Buttrey
Batting: LHB Ron Faulkner 0-0: Ball
1-0: SINGLE (Line Drive, 9S, EV 103.8 MPH)
Batting: LHB Sergio Martínez 0-0: Ball
1-0: Swinging Strike
1-1: Ball
2-1: Foul Ball, location: 5F
2-2: Fielders Choice at 2nd, 6-4 (Groundball, 6, EV 84.4 MPH)
Batting: LHB Dom Nunez 0-0: Called Strike
0-1: Ball
1-1: Swinging Strike
1-2: Ball
2-2: Foul Ball, location: 23F
2-2: Fly out, F8 (Flyball, 8RD, EV 103.1 MPH)
Batting: RHB Jeff Miller 0-0: Called Strike
0-1: Ball
1-1: Ball
2-1: Foul Ball, location: 9LSF
2-2: Strikes out swinging
Top of the 1st over - 0 runs, 1 hit, 0 errors, 1 left on base; Colorado 0 - Washington 0
BOTTOM OF THE 1ST
Washington Nationals batting - Pitching for Colorado Rockies : LHP Bernardo García
Pitching: LHP Bernardo García
Batting: LHB Bryce Harper 0-0: Called Strike
0-1: Foul Ball, location: 23F
0-2: Ball
1-2: Foul Ball, location: 5FF
1-2: Ball
2-2: Foul Ball, location: 9LMF
2-2: Strikes out looking
Batting: LHB David Dahl 0-0: Ball
1-0: SINGLE (Groundball, 34D, EV 100.0 MPH)
Batting: RHB Aaron Judge 0-0: Called Strike
0-1: Ball
1-1: Foul Ball, location: 2F
1-2: Ball
2-2: SINGLE (Flyball, 89S, EV 91.3 MPH)
David Dahl to second
Runner from 2nd tries for 3rd, SAFE, throw by CF made to third
Batting: RHB Jeremy Austin 0-0: SINGLE (Groundball, 3D, EV 94.4 MPH)
David Dahl scores
Aaron Judge to second
Batting: RHB Miguel Sano 0-0: Called Strike
0-1: Called Strike
0-2: Ball
1-2: Ball
2-2: Foul Ball, location: 3F
2-2: Foul Ball, location: 23FF
2-2: Strikes out swinging
Batting: RHB Mathies Reuter 0-0: Ball
1-0: Called Strike
1-1: Ball
2-1: Foul Ball, location: 2F
2-2: Foul Ball, location: 7LSF
2-2: Foul Ball, location: 7LMF
2-2: DOUBLE (Line Drive, 89M, EV 107.5 MPH)
Aaron Judge scores
Jeremy Austin to third
Runner from 3rd tries for Home, SAFE, no throw by CF
Batting: RHB Brallan Perez 0-0: Called Strike
0-1: DOUBLE (Flyball, 9LM, EV 105.0 MPH)
Mathies Reuter scores
Batting: RHB Christian Bethancourt 0-0: Called Strike
0-1: Called Strike
0-2: Foul Ball, location: 9LMF
0-2: SINGLE (Groundball, 4D, EV 101.9 MPH)
Brallan Perez to third
Runner from 3rd tries for Home, SAFE, throw by CF to home
Christian Bethancourt to second
Batting: LHB Shane Mardirosian 0-0: Called Strike
0-1: Foul Ball, location: 7LDF
0-2: Ground out 6-3 (Groundball, 6M, EV 83.8 MPH)
Bottom of the 1st over - 5 runs, 6 hits, 0 errors, 1 left on base; Colorado 0 - Washington 5
TOP OF THE 2ND
Colorado Rockies batting - Pitching for Washington Nationals : RHP Ty Buttrey
Batting: RHB Joe Hill 0-0: Foul Ball, location: 9LSF
0-1: Ball
1-1: Swinging Strike
1-2: Ball
2-2: Strikes out looking
Batting: RHB Ed Mann 0-0: Foul Ball, location: 3SF
0-1: Ground out 6-3 (Groundball, 6, EV 88.1 MPH)
Batting: RHB Mario Garza 0-0: Called Strike
0-1: Foul Ball, location: 25F
0-2: Ball
1-2: Ground out 5-3 (Groundball, 56S, EV 68.1 MPH)
Top of the 2nd over - 0 runs, 0 hits, 0 errors, 0 left on base; Colorado 0 - Washington 5
BOTTOM OF THE 2ND
Washington Nationals batting - Pitching for Colorado Rockies : LHP Bernardo García
Batting: LHB Bryce Harper 0-0: Foul Ball, location: 2F
0-1: Ball
1-1: Ball
2-1: Foul Ball, location: 23FF
2-2: Strikes out swinging
Batting: LHB David Dahl 0-0: Ball
1-0: Ball
2-0: Ground out 4-3 (Groundball, 4, EV 90.0 MPH)
Batting: RHB Aaron Judge 0-0: Ball
1-0: Foul Ball, location: 9LMFF
1-1: Ball
2-1: Ball
3-1: Base on Balls
Pitching: RHP Wily Peralta
Batting: RHB Jeremy Austin 0-0: Called Strike
0-1: Ball
1-1: Swinging Strike
1-2: Foul Ball, location: 2F
1-2: Foul Ball, location: 3F
1-2: Ball
2-2: Ball
Wild Pitch!
Aaron Judge to second
3-2: Foul Ball, location: 9LDF
3-2: SINGLE (Groundball, 4MD, EV 99.4 MPH)
Aaron Judge to third
Runner from 3rd tries for Home, throw by CF and OUT! 8-3-2
Bottom of the 2nd over - 0 runs, 1 hit, 0 errors, 1 left on base; Colorado 0 - Washington 5
TOP OF THE 3RD
Colorado Rockies batting - Pitching for Washington Nationals : RHP Ty Buttrey
Batting: RHB Joaquín López 0-0: Ball
1-0: Ball
2-0: Called Strike
2-1: Foul Ball, location: 2F
2-2: Foul Ball, location: 9LDF
2-2: Ball
3-2: Foul Ball, location: 2F
3-2: Base on Balls
Batting: RHB Deivi Grullon 0-0: Called Strike
0-1: Ball
1-1: Called Strike
1-2: Strikes out swinging
Batting: LHB Ron Faulkner 0-0: Ball
1-0: Ball
2-0: Ball
3-0: Called Strike
3-1: Swinging Strike
3-2: Foul Ball, location: 25F
3-2: Ground out 4-3 (Groundball, 34S, EV 87.5 MPH)
Joaquín López to second
Batting: LHB Sergio Martínez 0-0: Ball
1-0: Fly out, F8 (Flyball, 89M, EV 90.6 MPH)
Top of the 3rd over - 0 runs, 0 hits, 0 errors, 1 left on base; Colorado 0 - Washington 5
BOTTOM OF THE 3RD
Washington Nationals batting - Pitching for Colorado Rockies : RHP Wily Peralta
Batting: RHB Miguel Sano 0-0: Foul Ball, location: 2F
0-1: Called Strike
0-2: Strikes out swinging, 2-3 out at first.
Batting: RHB Mathies Reuter 0-0: Called Strike
0-1: Ball
1-1: Ball
2-1: Ball
3-1: Fly out, F8 (Flyball, 8RM, EV 91.9 MPH)
Batting: RHB Brallan Perez 0-0: Ball
1-0: Ball
2-0: Swinging Strike
2-1: Ball
3-1: Called Strike
3-2: Ground out 6-3 (Groundball, 6S, EV 70.0 MPH)
Bottom of the 3rd over - 0 runs, 0 hits, 0 errors, 0 left on base; Colorado 0 - Washington 5
TOP OF THE 4TH
Colorado Rockies batting - Pitching for Washington Nationals : RHP Ty Buttrey
Batting: LHB Dom Nunez 0-0: Ball
1-0: Ball
2-0: Ball
3-0: Base on Balls
Batting: RHB Jeff Miller 0-0: Called Strike
0-1: Ball
1-1: Ball
2-1: SINGLE (Groundball, 6MD, EV 95.6 MPH)
Dom Nunez to second
DELAY Rain delay of 28 minutes in the 4th inning.
Batting: RHB Joe Hill 0-0: Called Strike
0-1: Swinging Strike
0-2: Fly out, F8 (Line Drive, 8RM, EV 95.6 MPH)
Batting: RHB Ed Mann 0-0: Ball
1-0: Reached on error, E6 (Groundball, 6, EV 81.3 MPH)
Dom Nunez to third
Jeff Miller to second
Batting: RHB Mario Garza 0-0: Ball
1-0: Grounds into double play, 6-4-3 (Groundball, 6, EV 85.0 MPH)
Top of the 4th over - 0 runs, 1 hit, 1 error, 2 left on base; Colorado 0 - Washington 5
BOTTOM OF THE 4TH
Washington Nationals batting - Pitching for Colorado Rockies : RHP Wily Peralta
Batting: RHB Christian Bethancourt 0-0: Ball
1-0: Foul Ball, location: 3F
1-1: Ground out 4-3 (Groundball, 4, EV 90.6 MPH)
Batting: LHB Shane Mardirosian 0-0: Ball
1-0: Fly out, F7 (Flyball, 7, EV 90.0 MPH)
Batting: LHB Bryce Harper 0-0: Ball
1-0: Ball
2-0: Called Strike
2-1: Ball
3-1: Base on Balls
Batting: LHB David Dahl 0-0: Ball
1-0: Ball
2-0: Foul Ball, location: 7LMF
2-1: Called Strike
2-2: Ball
3-2: Ground out U3 (Groundball, 3L, EV 108.8 MPH)
Bottom of the 4th over - 0 runs, 0 hits, 0 errors, 1 left on base; Colorado 0 - Washington 5
TOP OF THE 5TH
Colorado Rockies batting - Pitching for Washington Nationals : RHP Ty Buttrey
Batting: RHB Joaquín López 0-0: Ball
1-0: Fly out, F8 (Flyball, 8RXD, EV 93.8 MPH)
Batting: RHB Deivi Grullon 0-0: Called Strike
0-1: Ball
1-1: DOUBLE (Line Drive, 7LD, EV 110.0 MPH)
Batting: LHB Ron Faulkner 0-0: Swinging Strike
0-1: Ball
1-1: Called Strike
1-2: Strikes out swinging
Batting: LHB Sergio Martínez 0-0: Ball
1-0: Ball
2-0: Ball
3-0: Called Strike
3-1: Fly out, F6 (Popup, 56, EV 70.0 MPH)
Top of the 5th over - 0 runs, 1 hit, 0 errors, 1 left on base; Colorado 0 - Washington 5
BOTTOM OF THE 5TH
Washington Nationals batting - Pitching for Colorado Rockies : RHP Wily Peralta
Batting: RHB Aaron Judge 0-0: Ball
1-0: DOUBLE (Line Drive, 89M, EV 96.9 MPH)
Pitching: RHP David García
Batting: RHB Jeremy Austin 0-0: Called Strike
0-1: Ball
1-1: SINGLE (Line Drive, 7LS, EV 102.5 MPH)
Aaron Judge to third
Batting: RHB Miguel Sano 0-0: Ball
1-0: Ball
2-0: Swinging Strike
2-1: Called Strike
2-2: 3-RUN HOME RUN (Flyball, 78XD, EV 113.8 MPH), Distance : 459 ft
Batting: RHB Mathies Reuter 0-0: Swinging Strike
0-1: Ground out 6-3 (Groundball, 6, EV 85.0 MPH)
Batting: RHB Brallan Perez 0-0: Ball
1-0: Ball
2-0: Ball
3-0: Foul Ball, location: 2F
3-1: Foul Ball, location: 2F
3-2: Base on Balls
Batting: RHB Christian Bethancourt 0-0: Ball
1-0: Foul Ball, location: 7LMF
1-1: Swinging Strike
1-2: Ball
2-2: Strikes out swinging
Batting: LHB Shane Mardirosian 0-0: Called Strike
0-1: DOUBLE (Line Drive, 8RXD, EV 110.0 MPH)
Brallan Perez to third
Runner from 3rd tries for Home, SAFE, no throw by CF
Batting: LHB Bryce Harper 0-0: Ball
1-0: Called Strike
1-1: Swinging Strike
1-2: Fly out, F7 (Flyball, 7LM, EV 110.0 MPH)
Bottom of the 5th over - 4 runs, 4 hits, 0 errors, 1 left on base; Colorado 0 - Washington 9
TOP OF THE 6TH
Colorado Rockies batting - Pitching for Washington Nationals : RHP Ty Buttrey
Batting: LHB Dom Nunez 0-0: Ground out U3 (Groundball, 3, EV 63.1 MPH)
Batting: RHB Jeff Miller 0-0: SINGLE (Line Drive, 9LS, EV 106.9 MPH)
Batting: RHB Joe Hill 0-0: Foul Ball, location: 2F
0-1: Swinging Strike
0-2: SINGLE (Groundball, 34D, EV 95.6 MPH)
Jeff Miller to second
Runner from 2nd tries for 3rd, SAFE, throw by RF made to third
Batting: RHB Ed Mann 0-0: Ball
1-0: Ball
2-0: Ball
3-0: Called Strike
3-1: Base on Balls
Joe Hill to second
Batting: RHB Mario Garza 0-0: Fly out, F6 (Popup, P, EV 80.0 MPH)
Batting: RHB Joaquín López 0-0: Ground out 6-3 (Groundball, 6S, EV 87.5 MPH)
Top of the 6th over - 0 runs, 2 hits, 0 errors, 3 left on base; Colorado 0 - Washington 9
BOTTOM OF THE 6TH
Washington Nationals batting - Pitching for Colorado Rockies : RHP David García
Batting: LHB David Dahl 0-0: Ball
1-0: Called Strike
1-1: SINGLE (Line Drive, 8RS, EV 85.6 MPH)
Batting: RHB Aaron Judge 0-0: Called Strike
0-1: Grounds into double play, 5-4-3 (Groundball, 25, EV 84.4 MPH)
Batting: RHB Jeremy Austin 0-0: SINGLE (Line Drive, 7S, EV 96.9 MPH)
Pitching: RHP Andres Matos
Batting: RHB Miguel Sano 0-0: Called Strike
0-1: Foul Ball, location: 2F
0-2: Strikes out looking
Bottom of the 6th over - 0 runs, 2 hits, 0 errors, 1 left on base; Colorado 0 - Washington 9
TOP OF THE 7TH
Colorado Rockies batting - Pitching for Washington Nationals : RHP Ty Buttrey
Batting: RHB Deivi Grullon 0-0: Ball
1-0: Ground out U3 (Groundball, 34S, EV 90.6 MPH)
Batting: LHB Ron Faulkner 0-0: Called Strike
0-1: Ball
1-1: Called Strike
1-2: Foul Ball, location: 5DF
1-2: Strikes out looking
Batting: LHB Sergio Martínez 0-0: Ball
1-0: Called Strike
1-1: Foul Ball, location: 2LF
1-2: Foul Ball, location: 2F
1-2: Ball
2-2: Foul Ball, location: 7LDF
2-2: Foul Ball, location: 2F
2-2: Fly out, F7 (Line Drive, 7S, EV 88.1 MPH)
Top of the 7th over - 0 runs, 0 hits, 0 errors, 0 left on base; Colorado 0 - Washington 9
BOTTOM OF THE 7TH
Washington Nationals batting - Pitching for Colorado Rockies : RHP Andres Matos
Batting: RHB Mathies Reuter 0-0: Called Strike
0-1: Called Strike
0-2: Ball
1-2: Foul Ball, location: 2F
1-2: Strikes out looking
Batting: RHB Brallan Perez 0-0: Called Strike
0-1: Ball
1-1: Ball
2-1: TRIPLE (Flyball, 78XD, EV 98.1 MPH)
Batting: RHB Christian Bethancourt 0-0: Swinging Strike
0-1: Fly out, F8 (Flyball, 78D, EV 82.5 MPH)
Runner from 3rd tags up, SCORES, no throw by CF
Batting: LHB Shane Mardirosian 0-0: Fly out, F7 (Line Drive, 7, EV 88.8 MPH)
Bottom of the 7th over - 1 run, 1 hit, 0 errors, 0 left on base; Colorado 0 - Washington 10
TOP OF THE 8TH
Colorado Rockies batting - Pitching for Washington Nationals : RHP Ty Buttrey
Batting: LHB Dom Nunez 0-0: Ball
1-0: Ball
2-0: Ball
3-0: Called Strike
3-1: Foul Ball, location: 2F
3-2: Strikes out swinging, 2-3 out at first.
Pitching: RHP Joe Ward
Pinch Hitting: RHB Brad Smith 0-0: Ball
1-0: Ground out 5-3 (Groundball, 56S, EV 81.3 MPH)
Batting: RHB Joe Hill 0-0: Ground out 1-3 (Groundball, 23, EV 76.3 MPH)
Top of the 8th over - 0 runs, 0 hits, 0 errors, 0 left on base; Colorado 0 - Washington 10
BOTTOM OF THE 8TH
Washington Nationals batting - Pitching for Colorado Rockies : RHP Andres Matos
Now in CF: Brad Smith
Now in RF: Ron Faulkner
Batting: LHB Bryce Harper 0-0: Foul Ball, location: 2F
0-1: Ball
1-1: Fly out, F4 (Line Drive, 4, EV 101.3 MPH)
Batting: LHB David Dahl 0-0: Foul Ball, location: 9LMF
0-1: DOUBLE (Line Drive, 7LM, EV 103.8 MPH)
Batting: RHB Aaron Judge 0-0: Called Strike
0-1: Foul Ball, location: 2F
0-2: Strikes out swinging
Batting: RHB Jeremy Austin 0-0: Ball
1-0: Foul Ball, location: 5F
1-1: Foul Ball, location: 2F
1-2: Foul Ball, location: 3F
1-2: Foul Ball, location: 5DF
1-2: Ball
2-2: SINGLE (Line Drive, 78S, EV 91.3 MPH)
David Dahl to third
Batting: RHB Miguel Sano 0-0: Swinging Strike
0-1: Ball
1-1: Called Strike
1-2: Fielders Choice at 2nd, U6 (Groundball, 6M, EV 103.1 MPH)
Bottom of the 8th over - 0 runs, 2 hits, 0 errors, 2 left on base; Colorado 0 - Washington 10
TOP OF THE 9TH
Colorado Rockies batting - Pitching for Washington Nationals : RHP Joe Ward
Batting: RHB Ed Mann 0-0: Ball
1-0: Foul Ball, location: 25F
1-1: Ball
2-1: Ground out U3 (Groundball, 34D, EV 98.8 MPH)
Pinch Hitting: LHB Rowdy Tellez 0-0: Ball
1-0: Foul Ball, location: 3F
1-1: Ball
2-1: Called Strike
2-2: Ball
3-2: Fly out, F7 (Flyball, 78M, EV 91.9 MPH)
Batting: RHB Joaquín López 0-0: Ball
1-0: Ball
2-0: Foul Ball, location: 3F
2-1: Fly out, F4 (Line Drive, 4M, EV 70.0 MPH)
Top of the 9th over - 0 runs, 0 hits, 0 errors, 0 left on base; Colorado 0 - Washington 10
Wednesday, June 25th , 2025 - OOTP Baseball 26.4 Build 61